 Dungeon Crawl Stone Soup version 0.28.0-47-ge53b351184 (webtiles) character file.

Game seed: 7276115297005395925

7 pkoi the Grave Robber (level 1, -1/14 HPs)
             Began as a Demigod Necromancer on May 3, 2022.
             Slain by an endoplasm (3 damage)
             ... on level 1 of the Dungeon.
             The game lasted 00:00:34 (260 turns).

pkoi the Grave Robber (Demigod Necromancer)          Turns: 260, Time: 00:00:35

Health: -1/14      AC:  2    Str:  9    XL:     1   Next: 73%
Magic:  3/5        EV: 12    Int: 17    God:
Gold:   26         SH:  0    Dex: 14    Spells: 2/3 levels left

rFire   . . .      SeeInvis .   d - +0 dagger
rCold   . . .      Faith    .   (no shield)
rNeg    . . .      Spirit   .   a - +0 robe
rPois   .          Reflect  .   (no helmet)
rElec   .          Harm     .   (no cloak)
rCorr   .          Rampage  .   (no gloves)
Will    .....                   (no boots)
Stlth   ++........              (no amulet)
HPRegen 0.04/turn               (no ring)
MPRegen 0.09/turn               (no ring)

@: no status effects
A: high MP 1, forlorn, divine attributes
a: no special abilities


You were on level 1 of the Dungeon.
You visited 1 branch of the dungeon, and saw 1 of its levels.

You collected 26 gold pieces.

Inventory:

Hand Weapons
 d - a +0 dagger (weapon)
Armour
 a - a +0 robe (worn)
Potions
 c - a potion of attraction {unknown}


   Skills:
 - Level 1.7 Dodging
 - Level 1.7 Stealth
 - Level 1.7 Spellcasting
 + Level 4.0 Necromancy


You had 2 spell levels left.
You knew the following spells:

 Your Spells              Type           Power      Damage    Failure   Level
a - Pain                  Necr           60%        1d7       3%          1

Your spell library contained the following spells:

 Spells                   Type           Power      Damage    Failure   Level
 Animate Skeleton         Necr           30%        N/A       3%          1
 Vampiric Draining        Necr           15%        2d7       12%         3
 Animate Dead             Necr           7%         N/A       36%         4
 Agony                    Necr           15%        N/A       71%         5


Dungeon Overview and Level Annotations

Branches:
Dungeon (1/15)


Innate Abilities, Weirdness & Mutations

You have an increased reservoir of magic. (+10% MP)
You shall have no god before yourself.
Your divine heritage dramatically boosts your attributes as you level up.


Message History

* * * LOW HITPOINT WARNING * * *
You escape the ball python's grasp.
Unknown command.
You hit the ball python.
The ball python is heavily wounded.
The ball python barely misses you. The ball python misses you.
Unknown command.
You hit the ball python.
You kill the ball python!
Your Necromancy skill increases to level 4!
Unknown command.
You bump into the rock wall.
The endoplasm barely misses you.
Unknown command.
You bump into the rock wall.
The endoplasm barely misses you.
Unknown command.
You feel less invigorated.
You feel less confused.
Unknown command.
Aiming: Pain (safe; 3% risk of failure)
Press: ? - help, Q - select action Shift-Dir - straight line, f - endoplasm
Aim: an endoplasm (chance to affect: 85%)
The endoplasm writhes in agony.
The endoplasm freezes you.
You are frozen.
* * * LOW HITPOINT WARNING * * *
The endoplasm freezes you.
You are frozen.
* * * LOW HITPOINT WARNING * * *
Aiming: Pain (safe; 3% risk of failure)
Press: ? - help, Q - select action Shift-Dir - straight line, f/p - endoplasm
Aim: an endoplasm (severely wounded, chance to affect: 85%)
The endoplasm writhes in agony.
The endoplasm hits you.
* * * LOW HITPOINT WARNING * * *
Aiming: Pain (safe; 3% risk of failure)
Press: ? - help, Q - select action Shift-Dir - straight line, f/p - endoplasm
Aim: an endoplasm (severely wounded, chance to affect: 85%)
The endoplasm writhes in agony.
The endoplasm hits you.
You die...

.......J# #.#
#.#..#####..#
#...##..#
#.#####.......##..#
## #.J#
##....####..##.##..#
#.†#
#...÷.####..........
...#
#.....†....###.##.##
#...#
#.....########.##.#
#...# ##.J..#
##.#.#.# #...#
##J#.######.###..#
#@#.....#.## ##.#
#.#.##...## #.#
..........## ##
###.#####.#.##
.#...#....#
.#.<.#..##.#
.#...#..# .#
###.##'##..# #
...........##


You could see 2 endoplasms.

Vanquished Creatures
  3 ball pythons (D:1)
  A goblin (D:1)
  A quokka (D:1)
  A rat (D:1)
6 creatures vanquished.

Notes
Turn   | Place    | Note
-------+----------+-------------------------------------------
     0 | D:1      | pkoi the Demigod Necromancer began the quest for the Orb.
     0 | D:1      | Reached XP level 1. HP: 14/14 MP: 5/5
   250 | D:1      | Reached skill level 4 in Necromancy
   260 | D:1      | Slain by an endoplasm

Illustrated notes

Levels and vault maps discovered:
D:1:      minmay_arrival_four_houses, layout_loops_ring

Skill      XL: |  1 |
---------------+----+-----
Necromancy     | 4 |  4.0
Dodging        | |  1.7
Stealth        | |  1.7
Spellcasting   | |  1.7

Action                   || total
-------------------------++-------
Melee: Dagger            ||     4
 Cast: Pain              ||    15
  Use: Potion            ||     1
Armor: Robe              ||     2
Dodge: Dodged            ||    16
